 Dungeon Crawl Stone Soup version 0.29.1-2-gbd0b4ee654 (webtiles) character file.

Game seed: 14436212581612892529

8 cdecastro the Scratcher (level 2, -2/12 HPs)
             Began as a Felid Transmuter on Nov 5, 2022.
             Slain by a gnoll
             ... wielding a +0 flail of holy wrath
              (14 damage)
             ... on level 1 of the Dungeon.
             The game lasted 00:01:36 (526 turns).

cdecastro the Scratcher (Felid Transmuter)           Turns: 526, Time: 00:01:37

Health: -2/12      AC:  1    Str:  6    XL:     2   Next: 0%
Magic:  5/6        EV: 17    Int: 14    God:
Gold:   23         SH:  0    Dex: 16    Spells: 4/5 levels left
                                        Lives:  0   Deaths: 0

rFire   . . .      SeeInvis +     - Unarmed
rCold   . . .      Faith    .   (shield unavailable)
rNeg    . . .      Spirit   .   (body armour unavailable)
rPois   .          Reflect  .   (helmet unavailable)
rElec   .          Harm     .   (cloak unavailable)
rCorr   .          Rampage  .   (gloves unavailable)
Will    .....                   (boots unavailable)
Stlth   +.........              (no amulet)
HPRegen 0.04/turn               (no ring)
MPRegen 0.10/turn               (no ring)

@: appendages, quick
A: horns 2, very small, claws 1, fangs 3, see invisible, speed 1, shaggy fur 1,
stealthy paws, no weapons or thrown items, no armour, multi-lived
a: End Transformation


You were on level 1 of the Dungeon.
You had temporarily grown beastly horns.
You visited 1 branch of the dungeon, and saw 1 of its levels.

You collected 23 gold pieces.

Inventory:

Scrolls
 c - 2 scrolls of identify {unknown}
 d - a scroll of silence {unknown}
 e - a scroll of amnesia {unknown}
 f - a scroll of vulnerability {unknown}
Potions
 a - a potion of lignification
 b - a potion of curing {unknown}


   Skills:
 - Level 1.0 Fighting
 + Level 3.1 Dodging
 * Level 3.4 Unarmed Combat
 - Level 2.0 Spellcasting
 - Level 2.1 Transmutations


You had 4 spell levels left.
You knew the following spells:

 Your Spells              Type           Power      Damage    Failure   Level
a - Beastly Appendage     Tmut           14%        N/A       10%         1

Your spell library contained the following spells:

 Spells                   Type           Power      Damage    Failure   Level
 Wereblood                Tmut           7%         N/A       14%         2
 Spider Form              Tmut/Pois      4%         N/A       41%         3
 Ice Form                 Ice/Tmut       4%         N/A       83%         4


Dungeon Overview and Level Annotations

Branches:
Dungeon (1/15)

Altars:


Innate Abilities, Weirdness & Mutations

You have temporarily grown beastly horns.
You have sharp claws.
You have razor-sharp teeth.
You have supernaturally acute eyesight. (SInv)
You cover ground quickly. (Speed+)
You are covered in fur. (AC +1)
Your paws help you pounce on unaware monsters.
You are incapable of wielding weapons or throwing items.
You cannot wear armour.
You gain extra lives every three experience levels.


Message History

You miscast Beastly Appendage.
Nothing appears to happen.
The bat hits you.
Unknown command.
Casting: Beastly Appendage (safe; 10% risk of failure)
Press: ? - help, Q - select action Dir - look around, f - activate You grow a pair of large bovine horns.
The bat hits you.
Unknown command.
The bat completely misses you. The bat closely misses you.
You barely miss the bat. The bat barely misses you. x2
You closely miss the bat. You headbutt the bat.
The bat is moderately wounded.
The bat hits you.
You are too injured to fight recklessly!
You are too injured to fight recklessly!
You are too injured to fight recklessly!
You claw the bat!
You kill the bat!
You have reached level 2!
Your transformation is almost over.
Your magical contamination has completely faded away.
Your horns disappear.
e - a scroll labelled FOCZOI VUGI
f - a scroll labelled LUIXTO ANYXUOTH You now have 23 gold pieces (gained 5).
A gnoll comes into view.
It is wielding a +0 flail of holy wrath.
Found a scroll labelled OLIRAT ISENAE.
The gnoll shouts!
A gnoll is nearby!
Okay, then.
Unknown command.
Unknown command.
Casting: Beastly Appendage (safe; 10% risk of failure)
Press: ? - help, Q - select action Dir - look around, f - activate You grow a pair of large bovine horns.
Unknown command.
You barely miss the gnoll.
The gnoll hits you with a +0 flail of holy wrath!
Ouch! That really hurt!
You die...

.....# #.......... .#.#.###
########.########. .......#
.........#####
.#.#.#.####.####......#
.#.#......#.# #......#
##.###.#.##.####......#
.)<......##...........#
##.###.#.#......g.....#######
.#.#......†##...@...........#
.#.#.#.###.##...............#
.......# #.##...#.#.........#
#.#.### #.##...............#
..... .........#.........#
.### ...>......#.........# .
.............########
....##........#
#.......##..###


You could see a gnoll.

Vanquished Creatures
  2 ball pythons (D:1)
  A bat (D:1)
  A giant cockroach (D:1)
  A goblin (D:1)
  2 rats (D:1)
7 creatures vanquished.

Notes
Turn   | Place    | Note
-------+----------+-------------------------------------------
     0 | D:1      | cdecastro the Felid Transmuter began the quest for the Orb.
     0 | D:1      | Reached XP level 1. HP: 9/9 MP: 4/4
   384 | D:1      | Reached XP level 2. HP: 8/12 MP: 1/6
   526 | D:1      | Slain by a gnoll

Illustrated notes

Levels and vault maps discovered:
D:1:      roderic_chinese_lattice_arrival, layout_basic

Skill      XL: |  1 |
---------------+----+-----
Dodging        | 3 |  3.1
Fighting       | |  1.0
Unarmed Combat | |  3.4
Spellcasting   | |  2.0
Transmutations | |  2.1

Action                   || total
-------------------------++-------
Melee: Unarmed           ||    15
       Headbutt          ||     2
 Cast: Beastly Appendage ||     6
Armor: Skin              ||     1
Dodge: Dodged            ||     9
